 Dungeon Crawl Stone Soup version 0.22-a0-159-g7ce444f (webtiles) character file.

106679 mhoghedin the Zephyrmancer (level 15, -14/130 HPs)
             Began as a Purple Draconian Air Elementalist on Feb 9, 2018.
             Was a High Priest of Vehumet.
             Demolished by ThereIsNoGod's ghost (36 damage)
             ... on level 3 of the Swamp.
             The game lasted 01:51:05 (39534 turns).

mhoghedin the Zephyrmancer (DrAE)                  Turns: 39534, Time: 01:51:06

Health: -14/130    AC: 16    Str: 12    XL:     15   Next: 98%
Magic:  4/29       EV: 33    Int: 21    God:    Vehumet [*****.]
Gold:   864        SH: 10    Dex: 33    Spells: 0/35 levels left

rFire    + + .     SeeInvis .   a - staff of air {rElec}
rCold    + . .     Gourm    .   V - +3 buckler
rNeg     . . .     Faith    .   (armour unavailable)
rPois    +         Spirit   .   Y - +2 hat {MR+}
rElec    +         Reflect  .   l - +0 cloak
rCorr    .         Harm     .   p - +2 pair of gloves
MR       +++..                  x - +0 pair of boots {Stlth+}
Stlth    ++++......             L - amulet "Irchiqiash" {RegenMP Str+2 Dex+4}
HPRegen  0.31/turn              Q - ring "Pomos" {rPois rF- rC+ MR+ Dex+5}
MPRegen  0.46/turn              U - ring "Jimyahu" {+Blink rF+++ MR- EV+5 Dex+4}

@: agile, flying, very slightly contaminated, studying Fighting, deflect
missiles
A: breathe power, unfitting armour, big wings, agile 1, cold-blooded, AC +9
a: Breathe Dispelling Energy, Stop Flying, Renounce Religion, Evoke Blink


You were on level 3 of the Swamp.
You worshipped Vehumet.
Vehumet was extremely pleased with you.
You were not hungry.

You visited 5 branches of the dungeon, and saw 27 of its levels.
You also visited: Bailey.

You collected 2776 gold pieces.
You spent 1912 gold pieces at shops.

Inventory:

Hand Weapons
 b - the +4 mace "Luponubb" {freeze, rPois rF+ Int+3}
   (You found it on level 6 of the Dungeon)

   It has been specially enchanted to freeze those struck by it, causing extra
   injury to most foes and up to half again as much damage against particularly
   susceptible opponents.
   It can also slow down cold-blooded creatures.
   It affects your intelligence (+3).
   It protects you from fire.
   It protects you from poison.
Missiles
 d - 2 throwing nets {=f, !d}
Armour
 l - a +0 cloak (worn)
   (You took it off Maurice on level 8 of the Dungeon)
 p - a +2 pair of gloves (worn)
   (You found it on level 3 of the Lair of Beasts)
 x - a +0 pair of boots of stealth (worn)
   (You acquired it on level 10 of the Dungeon)
 F - a +1 hat of see invisible
   (You bought it in a shop on level 2 of the Orcish Mines)
 V - a +3 buckler (worn)
   (You took it off a spriggan on level 6 of the Lair of Beasts)
 Y - a +2 hat of magic resistance (worn)
   (You took it off Gastronok on level 2 of the Lair of Beasts)
Magical Staves
 a - an uncursed staff of air (weapon) {rElec}
   (You found it on level 2 of the Lair of Beasts)
 u - an uncursed staff of cold {rC+}
   (You found it on level 2 of the Swamp)
Jewellery
 K - an uncursed ring of positive energy {rN+}
   (You found it on level 13 of the Dungeon)
 L - the amulet "Irchiqiash" (around neck) {RegenMP Str+2 Dex+4}
   (You bought it in a shop on level 14 of the Dungeon)

   [amulet of magic regeneration]

   It increases your magic regeneration.
   It affects your strength (+2).
   It affects your dexterity (+4).
 O - the ring of Yfriahieth {*Tele rC+++ Int+6 Dex-3}
   (You found it on level 5 of the Lair of Beasts)

   [ring of teleportation]

   It may teleport you next to monsters.
   It affects your intelligence (+6).
   It affects your dexterity (-3).
   It renders you almost immune to cold.
 Q - the ring "Pomos" (left hand) {rPois rF- rC+ MR+ Dex+5}
   (You bought it in a shop on level 14 of the Dungeon)

   [ring of protection from cold]

   It affects your dexterity (+5).
   It makes you vulnerable to fire.
   It protects you from cold.
   It protects you from poison.
   It affects your resistance to hostile enchantments.
 U - the ring "Jimyahu" (right hand) {+Blink rF+++ MR- EV+5 Dex+4}
   (You found it on level 6 of the Lair of Beasts)

   [ring of evasion]

   It affects your evasion (+5).
   It affects your dexterity (+4).
   It renders you almost immune to fire.
   It affects your resistance to hostile enchantments.
   It lets you blink.
Wands
 f - a wand of iceblast (24)
   (You found it on level 3 of the Dungeon)
 w - a wand of clouds (1)
   (You found it on level 4 of the Lair of Beasts)
 G - a wand of paralysis (19)
   (You found it on level 7 of the Dungeon)
 J - a wand of digging (10)
   (You found it on level 1 of the Swamp)
 R - a wand of acid (6)
   (You found it on level 6 of the Lair of Beasts)
Scrolls
 g - 2 scrolls of silence
 h - 4 scrolls of magic mapping {!r}
 r - a scroll of vulnerability {!r!r}
 s - 6 scrolls of enchant weapon
 y - 3 scrolls of blinking {!r}
 A - 5 scrolls of teleportation
 H - 4 scrolls of fear
 I - 7 scrolls of remove curse
 M - 2 scrolls of immolation {!r}
Potions
 j - 10 potions of curing
 k - a potion of magic
 m - a potion of flight
 o - 4 potions of heal wounds
 q - a potion of haste
 v - 2 potions of resistance
 z - 2 potions of cancellation
 D - a potion of berserk rage {!q}
 E - 4 potions of brilliance
 P - 2 potions of mutation {!q}
 S - 2 potions of might
 W - 2 potions of invisibility
Books
 B - a book of Power
   (You found it on level 15 of the Dungeon)
 C - a book of Necromancy
   (You bought it in a shop on level 2 of the Orcish Mines)
 N - a manual of Fighting {!d}
   (You found it in a bailey)
Miscellaneous
 e - a fan of gales (inert)
   (You found it on level 1 of the Lair of Beasts)
 i - a crystal ball of energy
   (You found it on level 1 of the Swamp)
Comestibles
 t - 26 rations


   Skills:
 + Level 11.2 Fighting
 - Level 5.9(9.0) Maces & Flails
 + Level 10.4(11.0) Staves
   Level 2.6 Slings
 + Level 9.2 Dodging
 - Level 1.7 Stealth
 - Level 4.0 Shields
 - Level 10.5 Spellcasting
 - Level 11.5 Conjurations
 - Level 8.0 Charms
 - Level 1.5 Translocations
 - Level 5.1 Ice Magic
 - Level 12.9 Air Magic
 + Level 9.3 Evocations


You couldn't memorise any spells.
You knew the following spells:

 Your Spells              Type           Power        Failure   Level  Hunger
a - Freezing Cloud        Conj/Ice/Air   ######....   4%          6    ######.
b - Static Discharge      Conj/Air       #######.     1%          3    None
c - Airstrike             Air            #######...   1%          4    ##.....
d - Deflect Missiles      Chrm/Air       ######....   13%         6    ######.
e - Throw Icicle          Conj/Ice       #####...     1%          4    ##.....
f - Blink                 Tloc           N/A          4%          2    None
r - Regeneration          Chrm/Necr      ####......   3%          3    None
s - Swiftness             Chrm/Air       ######..     1%          2    None
x - Lightning Bolt        Conj/Air       #######...   1%          5    ####...


Dungeon Overview and Level Annotations

Branches:
Dungeon (15/15)            Temple (1/1) D:7            Lair (6/6) D:9
  Swamp (3/4) Lair:2       Spider (0/4) Lair:4        Slime (0/5) Lair:5
    Orc (2/2) D:11            Elf (0/3) Orc:2        Vaults (0/5) D:13
 Depths (0/5) D:15

Altars:
Ashenzari
Cheibriados
Dithmenos
Elyvilon
Fedhas
Gozag
Hepliaklqana
Kikubaaqudgha
Makhleb
Nemelex Xobeh
Okawaru
Qazlal
Ru
Sif Muna
Trog
Uskayaw
Vehumet
Wu Jian
Xom
Yredelemnul
Zin
The Shining One
Beogh

Shops:
D:6 [!   D:14 =   Orc:2 (:[[

Annotations:
D:14 exclusion: Roxanne, Roxanne
Swamp:3 ThereIsNoGod's ghost, adept TrMo


Innate Abilities, Weirdness & Mutations

You can breathe bolts of dispelling energy.
Your rich purple scales are hard. (AC +9)
You cannot fit into any form of body armour.
You are cold-blooded and may be slowed by cold attacks.
Your large and strong wings let you fly indefinitely.
You are agile. (Dex +2)


Message History

ThereIsNoGod's ghost is engulfed in freezing vapours.
The swamp dragon is engulfed in freezing vapours.
The swamp dragon breathes poison at you.
The blast of poison misses you.
You now have 17/29 mp.
You hit the swamp dragon but do no damage.
The swamp dragon is engulfed in freezing vapours.
The swamp dragon bites you but does no damage.
The swamp dragon completely misses you. You block the swamp dragon's attack.
Okay, then.
Unknown command.
You feel a surge of power!
The swamp dragon is struck by lightning.
The lightning grounds out.
ThereIsNoGod's ghost is engulfed in freezing vapours.
You block ThereIsNoGod's ghost's attack.
The swamp dragon is engulfed in freezing vapours.
The swamp dragon misses you.
The swamp dragon claws you but does no damage.
The swamp dragon barely misses you.
You now have 15/29 mp.
You feel a surge of power!
ThereIsNoGod's ghost is struck by lightning.
The lightning arcs!
The swamp dragon is struck by lightning.
The lightning arcs!
You are struck by lightning.
You resist.
The lightning arcs!
ThereIsNoGod's ghost is struck by lightning.
The lightning grounds out.
The swamp dragon is struck by lightning.
The lightning arcs!
ThereIsNoGod's ghost is struck by lightning.
The lightning arcs!
You are struck by lightning.
You resist.
The lightning arcs!
The swamp dragon is struck by lightning.
The lightning grounds out.
You block ThereIsNoGod's ghost's attack.
The swamp dragon is engulfed in freezing vapours.
The swamp dragon misses you. The swamp dragon completely misses you.
The swamp dragon tramples you.
You are shoved backwards!
You now have 12/29 mp.
You feel a surge of power!
The swamp dragon is struck by lightning.
The lightning arcs!
ThereIsNoGod's ghost is struck by lightning.
The lightning arcs!
The swamp dragon is struck by lightning.
The lightning grounds out.
Your skin stops crawling.
ThereIsNoGod's ghost is engulfed in freezing vapours.
You block the swamp dragon's attack. The swamp dragon barely misses you.
You block the swamp dragon's attack.
You now have 10/29 mp.
You feel a surge of power!
ThereIsNoGod's ghost is struck by lightning.
The lightning arcs!
You are struck by lightning.
You resist.
The lightning arcs!
ThereIsNoGod's ghost is struck by lightning.
The lightning grounds out.
The swamp dragon is struck by lightning.
You kill the swamp dragon!
Vehumet accepts your kill.
The lightning grounds out.
ThereIsNoGod's ghost hits you!!
You take 36 damage, and have 90/130 hp.
MASSIVE DAMAGE!!
You now have 7/29 mp.
You feel a surge of power!
ThereIsNoGod's ghost is struck by lightning.
The lightning arcs!
You are struck by lightning.
You resist.
The lightning arcs!
ThereIsNoGod's ghost is struck by lightning.
The lightning grounds out.
ThereIsNoGod's ghost hits you!!
You take 22 damage, and have 68/130 hp.
You now have 5/29 mp.
Unknown command.
You feel a surge of power!
ThereIsNoGod's ghost is struck by lightning.
The lightning arcs!
You are struck by lightning.
You resist.
The lightning arcs!
ThereIsNoGod's ghost is struck by lightning.
The lightning grounds out.
You block ThereIsNoGod's ghost's attack.
You take 1 damage, and have 67/130 hp.
You now have 2/29 mp.
You don't have enough magic to cast that spell.
You feel agile all of a sudden. ThereIsNoGod's ghost hits you!
You take 15 damage, and have 52/130 hp.
You barely miss ThereIsNoGod's ghost. You tail-slap ThereIsNoGod's ghost.
ThereIsNoGod's ghost misses you.
You hit ThereIsNoGod's ghost but do no damage.
ThereIsNoGod's ghost is electrocuted!
ThereIsNoGod's ghost hits you!!
* * * LOW HITPOINT WARNING * * *
You take 30 damage, and have 22/130 hp.
MASSIVE DAMAGE!!
You hit ThereIsNoGod's ghost but do no damage.
ThereIsNoGod's ghost is electrocuted!
Your tail-slap misses ThereIsNoGod's ghost.
You completely miss ThereIsNoGod's ghost.
Your tail-slap misses ThereIsNoGod's ghost.
ThereIsNoGod's ghost hits you!!!
You die...

♣...≈≈.♣♣≈≈♣≈.≈......≈≈≈≈≈≈.≈
♣♣≈.≈..........≈....♣.≈≈≈≈≈≈.≈
♣♣≈≈..≈...♣♣≈≈.≈§§§≈W≈.≈≈≈.≈≈.≈
♣≈≈≈≈...§.≈♣[♣§.§§W≈.≈.♣≈.)≈..♣
♣♣......≈...§§§♣♣♣♣♣♣♣....♣≈.♣♣
♣≈≈≈...≈≈.≈≈♣§§♣♣♣....>♣≈.≈..♣
♣..♣≈≈≈...≈≈.≈§§§≈....♣.≈≈.≈.♣♣
♣.♣.≈≈..≈≈≈≈...W<♣≈≈≈..♣.≈≈.♣.♣
♣≈§≈≈≈..≈..♣♣..@≈≈≈.♣♣♣.≈≈...♣
♣≈≈..≈..≈♣♣♣♣♣.≈≈≈≈.♣ ♣......≈
♣.≈≈.≈♣.♣♣ ♣....≈≈♣ ♣≈♣≈≈≈≈≈≈
♣.≈.≈.≈≈≈♣ ♣♣.♣≈≈.♣ ♣≈.§....≈≈
♣♣≈.♣.♣≈≈♣ ♣.≈≈♣..≈ ♣♣≈♣.≈≈≈≈
♣.≈≈♣≈≈§≈ ♣≈≈≈≈ ♣≈. ♣..≈≈ .?


You could see ThereIsNoGod's ghost.

Vanquished Creatures
  Gastronok (Lair:2)
  A thorn hunter (Swamp:2)
  A frost giant (D:15)
  A stone giant (Orc:2)
  Azrael (D:14)
  Snorg (Lair:6)
  The ghost of KristoblXynda the Carver, a journeyman DrGl of Gozag (Orc:1)
  5 hydras
  A vault guard (D:13)
  An ogre mage (D:15)
  5 alligators
  6 ghost crabs (Swamp:2)
  7 centaur warriors
  9 two-headed ogres
  An orc high priest (Orc:2)
  3 tengu warriors
  Urug (Lair:3)
  Nergalle (Lair:3)
  2 lindwurms
  5 swamp dragons
  3 spriggan druids (Swamp:2)
  3 orc knights
  11 ugly things
  4 cyclopes
  A deep elf mage (D:13)
  3 manticores
  4 black mambas
  10 elephants
  Maurice (D:8)
  5 apocalypse crabs (Swamp:2)
  8 spiny frogs
  A gargoyle (D:13)
  A torpor snail (Lair:3)
  3 kobold demonologists
  6 komodo dragons
  A rime drake (Lair:6)
  2 efreet
  A redback zombie (D:14)
  A tengu conjurer (D:13)
  A yaktaur (D:15)
  A jumping spider (Lair:4)
  8 polar bears
  7 trolls
  7 tyrant leeches
  3 meliai
  A queen bee (Lair:1)
  8 hornets
  A meliai zombie (D:9)
  2 dream sheep (Lair:3)
  8 hippogriffs
  8 blink frogs
  6 bog bodies
  14 slime creatures
  18 spriggans
  4 shadows
  3 wyverns
  6 wraiths
  20 yaks
  2 basilisks (Lair:4)
  2 hungry ghosts
  3 fire elementals
  8 vampire mosquitoes
  A steam dragon (Lair:3)
  3 wargs
  3 acid dragons
  14 swamp worms
  7 water moccasins
  7 porcupines
  4 hell hounds (D:14)
  39 orc warriors
  4 black bears
  5 swamp drakes
  2 ice beasts
  A sky beast (D:9)
  3 phantoms
  4 boggarts (Lair:6)
  A necrophage (D:11)
  18 ogres
  26 wolves
  21 centaurs
  A centaur (shapeshifter) (D:15)
  13 crocodiles
  3 big kobolds
  16 bullfrogs
  A wyvern zombie (D:13)
  A water moccasin zombie (D:4)
  A wyvern skeleton (D:7)
  4 scorpions
  4 wights (D:13)
  19 killer bees (Lair:1)
  4 electric eels (Lair:5)
  8 crimson imps
  2 howler monkeys
  A bullfrog zombie (D:12)
  19 orc priests
  3 hounds
  32 orc wizards
  6 centaur zombies
  4 jellies
  2 bullfrog skeletons
  3 centaur skeletons
  A gnoll shaman (D:3)
  7 iguanas
  11 worker ants
  3 hound skeletons
  A worker ant zombie (D:11)
  7 gnolls
  A howler monkey zombie (D:6)
  8 adders
  4 shadow imps
  2 oozes
  3 adder zombies
  8 adder skeletons
  3 worms
  3 dart slugs
  7 leopard geckos
  87 orcs
  2 ball pythons (D:2)
  6 bats
  5 giant cockroaches
  9 hobgoblins
  5 jackals (D:1)
  3 quokkas
  5 frilled lizards
  10 goblins
  10 kobolds
  A quokka skeleton (D:4)
  7 rats
  A fire vortex (Lair:4)
  A fungus (Lair:5)
  A plant (Lair:2)
796 creatures vanquished.

Vanquished Creatures (others)
  An unseen horror (D:15)
  5 dream sheep (D:3)
  An orc (D:11)
  A bush (Lair:6)
  A fire vortex (D:14)
  18 fungi
  3 plants
30 creatures vanquished.

Grand Total: 826 creatures vanquished

Notes
Turn   | Place    | Note
-------+----------+-------------------------------------------
     0 | D:1      | mhoghedin the Draconian Air Elementalist began the quest for the Orb.
     0 | D:1      | Reached XP level 1. HP: 14/14 MP: 3/3
   340 | D:1      | Reached XP level 2. HP: 20/20 MP: 3/5
  1032 | D:2      | Reached XP level 3. HP: 17/26 MP: 1/6
  1196 | D:2      | Found a bloodstained altar of Trog.
  1248 | D:2      | Reached skill level 2 in Conjurations
  1328 | D:2      | Learned a level 2 spell: Swiftness
  1332 | D:2      | Learned a level 3 spell: Static Discharge
  1687 | D:2      | Reached XP level 4. HP: 14/33 MP: 1/8
  1846 | D:2      | Reached skill level 3 in Spellcasting
  2188 | D:2      | Reached skill level 4 in Air Magic
  2308 | D:2      | Found a burning altar of Makhleb.
  2342 | D:3      | Noticed a centaur
  2457 | D:2      | Reached XP level 5. HP: 25/38 MP: 0/9
  2565 | D:2      | Reached skill level 3 in Conjurations
  2842 | D:3      | HP: 7/38 [centaur (7)]
  2843 | D:3      | Killed a centaur
  2868 | D:3      | HP: 8/38 [rat (2)]
  3179 | D:3      | Found a shimmering altar of Xom.
  3179 | D:3      | Noticed a dream sheep
  3179 | D:3      | Noticed a dream sheep
  3179 | D:3      | Noticed a dream sheep
  3179 | D:3      | Noticed a dream sheep
  3179 | D:3      | Noticed a dream sheep
  3184 | D:3      | Killed a dream sheep
  3184 | D:3      | Killed a dream sheep
  3185 | D:3      | Killed a dream sheep
  3185 | D:3      | Killed a dream sheep
  3185 | D:3      | Killed a dream sheep
  3506 | D:3      | Noticed a centaur
  3516 | D:3      | Killed a centaur
  3516 | D:3      | Reached XP level 6. HP: 25/45 MP: 2/11
  3923 | D:4      | Reached skill level 4 in Spellcasting
  3923 | D:4      | Reached skill level 4 in Conjurations
  3923 | D:4      | Reached skill level 5 in Air Magic
  4054 | D:4      | Learned a level 4 spell: Airstrike
  4242 | D:4      | Your scales start taking on a rich purple colour.
  4242 | D:4      | Reached skill level 5 in Spellcasting
  4242 | D:4      | Reached XP level 7. HP: 47/50 MP: 8/14
  4378 | D:4      | Learned a level 5 spell: Lightning Bolt
  4826 | D:4      | Found a sparkling altar of Nemelex Xobeh.
  4888 | D:3      | Reached skill level 5 in Conjurations
  4888 | D:3      | HP: 12/50 [gnoll (2)]
  4889 | D:3      | HP: 5/50 [gnoll (7)]
  5347 | D:4      | Reached skill level 6 in Air Magic
  5600 | D:5      | Entered Level 5 of the Dungeon
  6015 | D:5      | Reached XP level 8. HP: 53/57 MP: 9/16
  6038 | D:5      | HP: 12/57 [orc wizard/puff of flame (6)]
  6370 | D:5      | Reached skill level 6 in Spellcasting
  6864 | D:5      | Reached skill level 6 in Conjurations
  7834 | D:6      | Reached skill level 2 in Dodging
  7877 | D:6      | Reached skill level 1 in Fighting
  7905 | D:6      | Reached skill level 1 in Slings
  8019 | D:6      | Found Ocutyune's Armour Shop.
  8029 | D:6      | Found Hiugosh's Book Shoppe.
  8248 | D:6      | Got a steaming mace
  8249 | D:6      | Identified the +4 mace "Luponubb" {freeze, rPois rF+ Int+3} (You found it on level 6 of the Dungeon)
  8379 | D:6      | Reached skill level 2 in Fighting
  8509 | D:6      | Found Pyirhad's Distillery.
  8667 | D:7      | Found a glowing silver altar of Zin.
  8673 | D:7      | Found a shadowy altar of Dithmenos.
  8673 | D:7      | Found an ornate altar of the Wu Jian Council.
  8711 | D:7      | Reached skill level 1 in Maces & Flails
  8711 | D:7      | Reached skill level 2 in Slings
  8772 | D:7      | Reached skill level 3 in Dodging
  9201 | D:7      | Reached skill level 3 in Fighting
  9255 | D:7      | Found a white marble altar of Elyvilon.
  9521 | D:7      | Reached skill level 2 in Maces & Flails
  9538 | D:7      | Found a staircase to the Ecumenical Temple.
  9545 | Temple   | Entered the Ecumenical Temple
  9653 | Temple   | Became a worshipper of Vehumet
  9713 | D:7      | Found a sparkling altar of Nemelex Xobeh.
  9738 | D:7      | Found an ancient bone altar of Kikubaaqudgha.
  9773 | D:7      | Reached XP level 9. HP: 61/70 MP: 18/18
 10275 | D:7      | Reached skill level 4 in Fighting
 10275 | D:7      | Reached skill level 3 in Maces & Flails
 10275 | D:7      | Reached skill level 4 in Dodging
 10936 | D:8      | Reached * piety under Vehumet
 10936 | D:8      | Offered knowledge of Sandblast by Vehumet.
 11096 | D:8      | Reached skill level 5 in Fighting
 11096 | D:8      | Reached skill level 4 in Maces & Flails
 11131 | D:8      | Noticed a two-headed ogre
 11143 | D:8      | Gained mutation: Your magical capacity is low. (-10% MP) [potion of mutation]
 11143 | D:8      | Gained mutation: You have a pair of small horns on your head. [potion of mutation]
 11143 | D:8      | Gained mutation: You are somewhat resistant to further mutation. [potion of mutation]
 11150 | D:8      | Killed a two-headed ogre
 11150 | D:8      | Reached skill level 5 in Dodging
 11156 | D:8      | Noticed Maurice
 11163 | D:8      | Killed Maurice
 11163 | D:8      | Reached skill level 6 in Fighting
 11163 | D:8      | Reached skill level 5 in Maces & Flails
 11163 | D:8      | Reached XP level 10. HP: 73/83 MP: 8/17
 11900 | D:8      | Reached skill level 1 in Charms
 12032 | D:9      | Reached skill level 7 in Air Magic
 12033 | D:9      | Reached ** piety under Vehumet
 12088 | D:9      | Offered knowledge of Flame Tongue by Vehumet.
 12089 | D:9      | Found a staircase to the Lair.
 12113 | D:9      | Reached skill level 2 in Charms
 12371 | D:9      | Found a stormy altar of Qazlal.
 12633 | D:9      | Found a hazy altar of Hepliaklqana.
 12633 | D:9      | Noticed a two-headed ogre
 12641 | D:9      | Killed a two-headed ogre
 12641 | D:9      | Reached skill level 7 in Conjurations
 12702 | D:9      | Reached skill level 8 in Air Magic
 12949 | Lair:1   | Entered Level 1 of the Lair of Beasts
 12950 | Lair:1   | Noticed a black mamba
 12962 | Lair:1   | HP: 21/84 [black mamba (6)]
 12964 | Lair:1   | HP: 3/84 [black mamba (16)]
 12968 | Lair:1   | Killed a black mamba
 13790 | Lair:1   | Reached skill level 8 in Conjurations
 14314 | Lair:1   | Reached skill level 9 in Air Magic
 14314 | Lair:1   | Reached XP level 11. HP: 54/91 MP: 2/18
 14696 | Lair:1   | Offered knowledge of Ignite Poison by Vehumet.
 14698 | Lair:1   | Reached skill level 6 in Dodging
 15375 | Lair:2   | Reached skill level 7 in Fighting
 15516 | Lair:2   | Found a staircase to the Swamp.
 15538 | Lair:2   | Found a labyrinth entrance.
 15830 | Lair:2   | Noticed Gastronok
 16463 | Lair:3   | Reached skill level 1 in Evocations
 16637 | Lair:3   | Reached *** piety under Vehumet
 16638 | Lair:3   | Reached skill level 1 in Staves
 16647 | Lair:3   | Reached skill level 2 in Evocations
 16651 | Lair:3   | HP: 23/92 [wolf (3)]
 16652 | Lair:3   | HP: 11/92 [wolf (12)]
 16657 | Lair:3   | Noticed Nergalle
 16665 | Lair:3   | HP: 17/92 [spectral orc warrior/battleaxe[Nergalle] (5)]
 16966 | Lair:2   | Learned a level 3 spell: Ignite Poison
 16973 | Lair:3   | Reached skill level 2 in Staves
 16986 | Lair:2   | Reached skill level 9 in Conjurations
 17308 | Lair:3   | Noticed Urug
 17322 | Lair:3   | Reached skill level 3 in Evocations
 17559 | Lair:3   | Killed Nergalle
 17559 | Lair:3   | Reached skill level 3 in Staves
 17634 | Lair:3   | Killed Urug
 17634 | Lair:3   | Offered knowledge of Throw Icicle by Vehumet.
 17634 | Lair:3   | Reached skill level 4 in Evocations
 17902 | Lair:3   | Found a snail-covered altar of Cheibriados.
 18720 | Lair:4   | Reached skill level 10 in Air Magic
 18721 | Lair:4   | Reached skill level 4 in Staves
 19177 | Lair:4   | Found a hole to the Spider Nest.
 19201 | Lair:4   | Reached XP level 12. HP: 55/100 MP: 12/18
 19850 | Lair:5   | Learned a level 4 spell: Throw Icicle
 19915 | Lair:5   | Found a staircase to the Slime Pits.
 20163 | Lair:5   | Identified the Reference Book on Icy Attacks
 20215 | Lair:5   | Got a heavily runed gossamer ring
 20217 | Lair:5   | Identified the ring of Yfriahieth {*Tele rC+++ Int+6 Dex-3} (You found it on level 5 of the Lair of Beasts)
 20347 | Lair:5   | Reached skill level 1 in Ice Magic
 20663 | Lair:5   | Reached skill level 10 in Conjurations
 20663 | Lair:5   | Reached skill level 2 in Ice Magic
 20758 | Lair:5   | Reached **** piety under Vehumet
 20758 | Lair:5   | Reached skill level 5 in Staves
 20768 | Lair:5   | Reached skill level 3 in Ice Magic
 20998 | Lair:5   | Noticed a seven-headed hydra
 21003 | Lair:5   | Killed a seven-headed hydra
 21459 | Lair:6   | Entered Level 6 of the Lair of Beasts
 21503 | Lair:6   | Reached skill level 5 in Evocations
 21503 | Lair:6   | Reached skill level 6 in Staves
 21566 | Lair:6   | Offered knowledge of Fulminant Prism by Vehumet.
 22114 | Lair:6   | Reached skill level 6 in Evocations
 22138 | Lair:6   | Noticed Snorg
 22144 | Lair:5   | Reached skill level 7 in Dodging
 22358 | Lair:6   | Killed Snorg
 22358 | Lair:6   | Reached skill level 7 in Staves
 22631 | Lair:6   | Reached skill level 7 in Evocations
 22634 | Lair:6   | Reached XP level 13. HP: 92/105 MP: 8/19
 22726 | Lair:6   | Paralysed by a hornet for 3 turns
 23139 | Lair:6   | Reached skill level 8 in Staves
 23235 | Lair:6   | Reached skill level 8 in Dodging
 23606 | Lair:6   | Reached skill level 8 in Evocations
 23788 | Lair:6   | Reached ***** piety under Vehumet
 23800 | Lair:6   | Offered knowledge of Force Lance by Vehumet.
 23817 | Lair:6   | HP: 23/105 [spriggan rider/spear (20)]
 24062 | Lair:6   | Reached skill level 7 in Spellcasting
 24424 | Lair:6   | Learned a level 2 spell: Blink
 24544 | Lair:6   | Reached skill level 8 in Spellcasting
 24642 | Lair:6   | Got a wavering steel ring
 24680 | Lair:6   | Identified the ring "Jimyahu" {+Blink rF+++ MR- EV+5 Dex+4} (You found it on level 6 of the Lair of Beasts)
 25170 | Lair:2   | Killed Gastronok
 25170 | Lair:2   | Reached skill level 1 in Shields
 25170 | Lair:2   | Reached skill level 1 in Translocations
 25322 | D:10     | Entered Level 10 of the Dungeon
 25510 | D:10     | Reached skill level 2 in Shields
 25541 | D:10     | Identified a scroll of acquirement
 25586 | D:10     | Learned a level 6 spell: Deflect Missiles
 26452 | D:11     | Found a staircase to the Orcish Mines.
 26841 | D:11     | Reached skill level 3 in Charms
 26911 | D:11     | Reached skill level 3 in Shields
 27173 | D:12     | HP: 13/105 [cyclops/large rock (21)]
 27763 | D:12     | Reached skill level 4 in Charms
 28072 | D:12     | Reached skill level 4 in Shields
 28236 | D:12     | Found the +5 scythe "Finisher" {speed, Str+3}
 28543 | D:13     | Offered knowledge of Venom Bolt by Vehumet.
 28558 | D:13     | Found a flagged portal.
 28568 | Bailey   | Entered a bailey
 28737 | Bailey   | Reached XP level 14. HP: 113/113 MP: 23/23
 28806 | Bailey   | Found a roughly hewn altar of Beogh.
 28821 | Bailey   | Reached skill level 5 in Charms
 28918 | D:13     | Reached skill level 11 in Air Magic
 29539 | D:13     | Reached skill level 6 in Charms
 29839 | D:13     | Found a gate to the Vaults.
 30110 | D:14     | Noticed Azrael
 30125 | D:14     | Killed Azrael
 30125 | D:14     | Reached skill level 7 in Charms
 30282 | D:14     | Noticed Roxanne
 30722 | D:14     | Reached skill level 12 in Air Magic
 30864 | D:14     | Reached skill level 8 in Charms
 31327 | D:14     | Found Sisuy's Jewellery Boutique.
 31576 | D:15     | Entered Level 15 of the Dungeon
 31608 | D:14     | HP: 25/113 [meliai/divine providence (10)]
 32074 | D:15     | Reached skill level 8 in Fighting
 32147 | D:15     | Offered knowledge of Freezing Cloud by Vehumet.
 32381 | D:15     | Reached skill level 9 in Staves
 32708 | D:15     | Reached skill level 9 in Spellcasting
 33041 | D:15     | Found a sacrificial altar of Ru.
 33055 | D:15     | Lost mutation: You have a pair of small horns on your head. [potion of mutation]
 33055 | D:15     | Lost mutation: Your magical capacity is low. (-10% MP) [potion of mutation]
 33055 | D:15     | Lost mutation: You are somewhat resistant to further mutation. [potion of mutation]
 33055 | D:15     | Gained mutation: You occasionally shout uncontrollably at your foes. [potion of mutation]
 33055 | D:15     | Gained mutation: You do not regenerate when monsters are visible. [potion of mutation]
 33055 | D:15     | Gained mutation: You are somewhat resistant to further mutation. [potion of mutation]
 33056 | D:15     | Lost mutation: You occasionally shout uncontrollably at your foes. [potion of mutation]
 33056 | D:15     | Lost mutation: You do not regenerate when monsters are visible. [potion of mutation]
 33056 | D:15     | Lost mutation: You are somewhat resistant to further mutation. [potion of mutation]
 33056 | D:15     | Gained mutation: You are agile. (Dex +2) [potion of mutation]
 33056 | D:15     | Gained mutation: Your large and strong wings let you fly indefinitely. [potion of mutation]
 33166 | D:15     | Noticed a frost giant
 33537 | D:15     | Killed a frost giant
 33537 | D:15     | Reached XP level 15. HP: 83/123 MP: 17/28
 33731 | D:15     | Learned a level 6 spell: Freezing Cloud
 33769 | D:15     | Found a staircase to the Depths.
 34193 | Orc:1    | Entered Level 1 of the Orcish Mines
 34206 | Orc:1    | Reached skill level 4 in Ice Magic
 34208 | Orc:1    | Noticed KristoblXynda's ghost (journeyman DrGl)
 34222 | Orc:1    | Killed KristoblXynda's ghost
 34222 | Orc:1    | Reached skill level 10 in Staves
 34755 | Orc:2    | Entered Level 2 of the Orcish Mines
 34759 | Orc:2    | Offered knowledge of Bolt of Fire by Vehumet.
 35064 | Orc:2    | HP: 22/123 [orc warrior/uncursed broad axe (20)]
 35098 | Orc:2    | Reached skill level 5 in Ice Magic
 35494 | Orc:2    | Reached skill level 11 in Conjurations
 35553 | Orc:2    | Found Hoedaz's Armour Boutique.
 35553 | Orc:2    | Found Suent's Book Shoppe.
 35553 | Orc:2    | Found Azoraisy's Antique Weapon Emporium.
 35563 | Orc:2    | Found Beolival's Armour Shop.
 35575 | Orc:2    | Bought a +1 hat of see invisible for 224 gold pieces
 35671 | Orc:2    | Found a staircase to the Elven Halls.
 35671 | Orc:2    | Found a roughly hewn altar of Beogh.
 35721 | Orc:2    | Reached skill level 9 in Fighting
 35881 | Orc:2    | Bought a book of Necromancy for 360 gold pieces
 36018 | Swamp:1  | Entered Level 1 of the Swamp
 36086 | Swamp:1  | HP: 29/126 [tyrant leech (20)]
 36092 | Swamp:1  | Reached skill level 10 in Fighting
 36097 | Swamp:1  | HP: 2/126 [swamp worm (15)]
 36566 | D:14     | Bought the amulet "Irchiqiash" {RegenMP Str+2 Dex+4} for 694 gold pieces
 36639 | D:14     | Bought the ring "Pomos" {rPois rF- rC+ MR+ Dex+5} for 634 gold pieces
 37367 | Swamp:1  | Reached skill level 10 in Spellcasting
 37472 | Swamp:1  | Offered knowledge of Ozocubu's Refrigeration by Vehumet.
 37788 | Swamp:2  | Noticed a thorn hunter
 37841 | Swamp:2  | Killed a thorn hunter
 37916 | Swamp:2  | Found a runed door.
 37979 | Swamp:2  | Found a sparkling altar of Nemelex Xobeh.
 38685 | Swamp:2  | Reached skill level 9 in Evocations
 38716 | Swamp:2  | HP: 31/128 [spectral four-headed hydra[a ghost crab] (13)]
 38717 | Swamp:2  | Reached skill level 9 in Dodging
 39076 | Swamp:2  | Learned a level 3 spell: Regeneration
 39220 | Swamp:2  | Reached skill level 11 in Fighting
 39221 | Swamp:2  | Paralysed by you for 4 turns
 39291 | Swamp:2  | Identified the +4 trident of Maeqipn {flame, +Inv Dex+5} (You found it on level 2 of the Swamp)
 39441 | Swamp:3  | Got a polished large shield
 39452 | Swamp:3  | Identified the cursed +0 large shield of the Fifty Hells {rC+ Str+4} (You found it on level 3 of the Swamp)
 39503 | Swamp:3  | Noticed ThereIsNoGod's ghost (adept TrMo)
 39532 | Swamp:3  | HP: 22/130 [ThereIsNoGod's ghost (31)]
 39534 | Swamp:3  | Demolished by ThereIsNoGod's ghost

Vault maps used:
D:1:      dpeg_arrival_rhombus
D:2:      bloody_trog, makhleb_heckhound_becter, grunt_ministairs_15
D:3:      kb_xom_exploding_sheep
D:4:      first_ration, nemelex_spade_bored_becter
D:5:      serial_glass, glass_columns_c, glass_columns_a, glass_columns_a,
          glass_columns_c
D:6:      serial_shops, shop, nicolae_shop_behind_doors, shop
D:7:      kennysheep_mini_moat, overflow_temple_1_default, marbit_many_paths,
          grunt_temple_overflow_open, minmay_temple_entry_enclosed_plants,
          minmay_fountain_box, the_bakery
D:8:      minmay_misc_feat_enclosed, grunt_decor_cap, uniq_maurice
D:9:      lemuel_doored_altar, nicolae_overflow_crystal_walls
D:11:     orc_0_dummy
D:12:     minmay_guarded_unrand_finisher
D:13:     david_vaults_5, enter_bailey_3
D:14:     kennysheep_pointless_box, serial_shops, kennysheep_little_box,
          uniq_azrael, uniq_roxanne
D:15:     grunt_enter_depths_snipers, nicolae_ru_sacrificial_ziggurat
Temple:   nicolae_temple_hex_pool
Lair:1:   special_room, lemuel_fruit_tree, infiniplex_staircase_pool,
          serial_bayou_shore_b, uniq_gastronok
Lair:2:   statuecave_lemuel, swamp_mist, lab_entry_generic,
          cheibrodos_lair_lostbears
Lair:3:   basic_altar, uniq_nergalle, uniq_urug
Lair:4:   spider_nest_entry_a, minivault_11
Lair:5:   slime_dummy, st_stairs_4, serial_bayou_lake_a
Lair:6:   minmay_lair_end_enchanted_forest, grunt_megastairs_3, uniq_snorg
Swamp:1:  serial_swamp_ruin, evilmike_swamp_ruin_rubble_2,
          evilmike_swamp_ruin_house_3
Swamp:2:  gammafunk_mikee_crab_dinner, basic_altar
Swamp:3:  nicolae_swamp_rocky_clearing
Orc:2:    st_orc_rangers, basic_altar
Bailey:   bailey_polearm_2, bailey

Skill      XL: |  1  2  3  4  5  6  7  8  9 10 11 12 13 14 15 |
---------------+----------------------------------------------+-----
Conjurations   | 2 3 4 5 6 8 9 10 11 | 11.5
Spellcasting   | 3 5 6 8 9 10 | 10.5
Air Magic      | 4 5 6 9 10 12 | 12.9
Dodging        | 3 5 6 7 8 9 |  9.2
Fighting       | 3 6 7 8 11 | 11.2
Slings         | 2 |  2.6
Maces & Flails | 2 5 |  5.9
Charms         | 2 4 8 |  8.0
Evocations     | 4 7 8 9 |  9.3
Staves         | 4 7 8 9 10 | 10.4
Ice Magic      | 3 5 |  5.1
Shields        | 4 |  4.0
Translocations | 1 |  1.5
Stealth        | |  1.7

Action                   |  1- 3 |  4- 6 |  7- 9 | 10-12 | 13-15 || total
-------------------------+-------+-------+-------+-------+-------++-------
Melee: Unarmed           |     7 |       |       |       |     2 ||     9
       Club              |    19 |       |       |       |       ||    19
       Tailslap          |     1 |     8 |    28 |    35 |   175 ||   247
       Short sword       |     2 |   101 |   134 |       |       ||   237
       Mace              |       |       |   155 |   147 |       ||   302
       Headbutt          |       |       |       |    54 |   102 ||   156
       Staff             |       |       |       |   186 |  1125 ||  1311
 Fire: Hunting sling     |       |       |   110 |       |       ||   110
 Cast: Shock             |    57 |    28 |    28 |       |       ||   113
       Static Discharge  |       |    10 |    56 |   193 |   283 ||   542
       Lightning Bolt    |       |       |     1 |    19 |     6 ||    26
       Airstrike         |       |       |       |    43 |    54 ||    97
       Swiftness         |       |       |       |     3 |     4 ||     7
       Throw Icicle      |       |       |       |    21 |    24 ||    45
       Deflect Missiles  |       |       |       |       |     3 ||     3
       Blink             |       |       |       |       |     1 ||     1
       Freezing Cloud    |       |       |       |       |    19 ||    19
       Regeneration      |       |       |       |       |     2 ||     2
 Abil: Fly               |       |       |       |       |     1 ||     1
Evoke: Wand              |       |       |     5 |    13 |    12 ||    30
       Fan of gales      |       |       |       |       |     1 ||     1
       Phantom mirror    |       |       |       |       |     1 ||     1
  Use: Scroll            |     2 |     5 |     1 |    11 |    31 ||    50
       Potion            |       |       |     6 |     9 |     7 ||    22
 Stab: Sleeping          |     1 |     1 |     3 |     1 |    16 ||    22
       Distracted        |       |     1 |       |     1 |     3 ||     5
       Paralysed         |       |       |       |    10 |       ||    10
       Invisible         |       |       |       |       |     2 ||     2
  Eat: Chunk             |     3 |     9 |    10 |    27 |    19 ||    68
       Ration            |       |       |     4 |     8 |    17 ||    29
Armor: Skin              |    27 |    42 |   129 |   182 |   248 ||   628
Dodge: Dodged            |    47 |    97 |   269 |   520 |  1220 ||  2153
       Deflected         |       |       |       |       |    43 ||    43
Block: Buckler           |       |       |       |       |   374 ||   374

Table legend:
 A = Spawn XP
 B = Non-spawn XP
 C = Spawn XP percentage of total XP
 D = Spawn monster count
 E = Non-spawn monster count
 F = Spawn count percentage of total count
 G = Total turns spent on level
                    A         B        C        D         E        F      G
               +---------+---------+-------+---------+---------+-------+---------
         Total |       0 |  152399 |   0.0 |       0 |     794 |   0.0 | 39534
               +---------+---------+-------+---------+---------+-------+---------
           D:1 |       0 |      36 |   0.0 |       0 |      18 |   0.0 |  1091
           D:2 |       0 |     189 |   0.0 |       0 |      34 |   0.0 |  1812
           D:3 |       0 |     317 |   0.0 |       0 |      18 |   0.0 |  1700
           D:4 |       0 |     695 |   0.0 |       0 |      26 |   0.0 |  1671
           D:5 |       0 |     584 |   0.0 |       0 |      13 |   0.0 |  1538
           D:6 |       0 |     403 |   0.0 |       0 |      13 |   0.0 |   821
           D:7 |       0 |    1566 |   0.0 |       0 |      33 |   0.0 |  2142
           D:8 |       0 |    2326 |   0.0 |       0 |      21 |   0.0 |  1081
           D:9 |       0 |    2473 |   0.0 |       0 |      43 |   0.0 |  1311
          D:10 |       0 |    1285 |   0.0 |       0 |      14 |   0.0 |  1073
          D:11 |       0 |    3047 |   0.0 |       0 |      40 |   0.0 |  1174
          D:12 |       0 |    6780 |   0.0 |       0 |      40 |   0.0 |  1116
          D:13 |       0 |    9588 |   0.0 |       0 |      36 |   0.0 |  1316
          D:14 |       0 |   12871 |   0.0 |       0 |      34 |   0.0 |  2969
          D:15 |       0 |   17635 |   0.0 |       0 |      37 |   0.0 |  1176
        Lair:1 |       0 |    3843 |   0.0 |       0 |      32 |   0.0 |  2049
        Lair:2 |       0 |    3694 |   0.0 |       0 |       9 |   0.0 |  2394
        Lair:3 |       0 |    5416 |   0.0 |       0 |      27 |   0.0 |  1404
        Lair:4 |       0 |    2903 |   0.0 |       0 |      14 |   0.0 |  1469
        Lair:5 |       0 |    8103 |   0.0 |       0 |      24 |   0.0 |  2268
        Lair:6 |       0 |   20756 |   0.0 |       0 |      85 |   0.0 |  2910
       Swamp:1 |       0 |    8425 |   0.0 |       0 |      24 |   0.0 |   944
       Swamp:2 |       0 |   20477 |   0.0 |       0 |      42 |   0.0 |  1773
       Swamp:3 |       0 |    3767 |   0.0 |       0 |      10 |   0.0 |   141
         Orc:1 |       0 |    3062 |   0.0 |       0 |      22 |   0.0 |   648
         Orc:2 |       0 |   10844 |   0.0 |       0 |      69 |   0.0 |  1090
        Bailey |       0 |    1314 |   0.0 |       0 |      16 |   0.0 |   321
               +---------+---------+-------+---------+---------+-------+---------

Vault maps used:
D:1:      dpeg_arrival_rhombus
D:2:      bloody_trog, makhleb_heckhound_becter, grunt_ministairs_15
D:3:      kb_xom_exploding_sheep
D:4:      first_ration, nemelex_spade_bored_becter
D:5:      serial_glass, glass_columns_c, glass_columns_a, glass_columns_a,
          glass_columns_c
D:6:      serial_shops, shop, nicolae_shop_behind_doors, shop
D:7:      kennysheep_mini_moat, overflow_temple_1_default, marbit_many_paths,
          grunt_temple_overflow_open, minmay_temple_entry_enclosed_plants,
          minmay_fountain_box, the_bakery
D:8:      minmay_misc_feat_enclosed, grunt_decor_cap, uniq_maurice
D:9:      lemuel_doored_altar, nicolae_overflow_crystal_walls
D:11:     orc_0_dummy
D:12:     minmay_guarded_unrand_finisher
D:13:     david_vaults_5, enter_bailey_3
D:14:     kennysheep_pointless_box, serial_shops, kennysheep_little_box,
          uniq_azrael, uniq_roxanne
D:15:     grunt_enter_depths_snipers, nicolae_ru_sacrificial_ziggurat
Temple:   nicolae_temple_hex_pool
Lair:1:   special_room, lemuel_fruit_tree, infiniplex_staircase_pool,
          serial_bayou_shore_b, uniq_gastronok
Lair:2:   statuecave_lemuel, swamp_mist, lab_entry_generic,
          cheibrodos_lair_lostbears
Lair:3:   basic_altar, uniq_nergalle, uniq_urug
Lair:4:   spider_nest_entry_a, minivault_11
Lair:5:   slime_dummy, st_stairs_4, serial_bayou_lake_a
Lair:6:   minmay_lair_end_enchanted_forest, grunt_megastairs_3, uniq_snorg
Swamp:1:  serial_swamp_ruin, evilmike_swamp_ruin_rubble_2,
          evilmike_swamp_ruin_house_3
Swamp:2:  gammafunk_mikee_crab_dinner, basic_altar
Swamp:3:  nicolae_swamp_rocky_clearing
Orc:2:    st_orc_rangers, basic_altar
Bailey:   bailey_polearm_2, bailey

Table legend:
 A = Turns spent in this place as a percentage of turns spent in the entire game.
 B = Non-inter-level travel turns spent in this place as a percentage of non-inter-level travel turns spent in the entire game.
 C = Inter-level travel turns spent in this place as a percentage of turns spent in this place.
 D = Turns resting spent in this place as a percentage of non-inter-level travel turns spent in this place.
 E = Turns spent auto-exploring this place as a percentage of non-inter-level travel turns spent in this place.
 F = Non-inter-level travel turns spent in this place divided by the number of levels of this place that you've seen.
                   A       B       C       D       E      F
               +-------+-------+-------+-------+-------+----------------------
         Total | 100.0 | 100.0 |   5.3 |  43.7 |  37.8 | 1337.1
       Dungeon |  55.6 |  55.3 |   5.9 |  41.9 |  40.0 | 1380.1
        Temple |   0.3 |   0.3 |  17.4 |   0.0 |  65.1 | 109.0
          Lair |  31.6 |  31.8 |   4.8 |  49.8 |  36.1 | 1983.0
         Swamp |   7.2 |   7.3 |   4.3 |  34.1 |  37.7 | 911.7
  Orcish Mines |   4.4 |   4.5 |   3.7 |  45.0 |  28.2 | 837.0
        Bailey |   0.8 |   0.9 |   0.0 |  27.4 |   0.3 | 321.0
               +-------+-------+-------+-------+-------+----------------------

Table legend:
 A = Kills in this place as a percentage of kills in entire the game.
 B = Kills by you in this place as a percentage of kills by you in the entire game.
 C = Kills by friends in this place as a percentage of kills by friends in the entire game.
 D = Other kills in this place as a percentage of other kills in the entire game.
 E = Experience gained in this place as a percentage of experience gained in the entire game.
 F = Experience gained in this place divided by the number of levels of this place that you have seen.
                   A       B       C       D       E      F
               +-------+-------+-------+-------+-------+----------------------
         Total | 100.0 | 100.0 |   N/A | 100.0 | 100.0 | 5442.8
       Dungeon |  52.9 |  52.8 |   N/A | 100.0 |  39.2 | 3986.3
          Lair |  24.1 |  24.1 |   N/A |   0.0 |  29.3 | 7452.5
         Swamp |   9.6 |   9.6 |   N/A |   0.0 |  21.4 | 10889.7
  Orcish Mines |  11.5 |  11.5 |   N/A |   0.0 |   9.1 | 6953.0
        Bailey |   2.0 |   2.0 |   N/A |   0.0 |   0.9 | 1314.0
               +-------+-------+-------+-------+-------+----------------------
